 Dungeon Crawl Stone Soup version 0.26-a0-639-g72c4674329 (webtiles) character file.

Game seed: 12742587782558968960

48862 DogServant the Fighter (level 14, -2/96 HPs)
             Began as a Gargoyle Fighter on Sept 15, 2020.
             Was a High Priest of Trog.
             Killed by divine providence
             ... invoked by an orc high priest
              (12 damage)
             ... on level 2 of the Orcish Mines.
             The game lasted 00:54:04 (21279 turns).

DogServant the Fighter (Gargoyle Fighter)          Turns: 21279, Time: 00:54:05

Health: -2/96      AC: 43    Str: 27    XL:     14   Next: 48%
Magic:  14/14      EV:  5    Int:  8    God:    Trog [*****.]
Gold:   2208       SH: 20    Dex: 10    Spells: 13/13 levels left

rFire    . . .     SeeInvis +   Q - +7 flail (freeze)
rCold    . . .     Faith    .   E - +0 tower shield
rNeg     + + .     Spirit   .   U - +3 plate armour
rPois    ∞         Reflect  .   y - +2 helmet {SInv}
rElec    +         Harm     .   v - +0 cloak
rCorr    .         Rampage  .   I - +2 pair of gloves of Pleasant Breezes {*Contam rN+ Str+2 Stlth+}
MR       ++...                  F - +0 pair of boots
Stlth    ..........             P - amulet of magic regeneration
HPRegen  0.26/turn              H - ring of protection from magic
MPRegen  0.39/turn              p - +4 ring of protection

@: about to teleport, berserk cooldown, slowed, very slow
A: big wings, negative energy resistance 1, electricity resistance, unbreathing,
petrification resistance, rot immunity, AC +10
a: Fly, Berserk, Trog's Hand, Brothers in Arms, Renounce Religion


You were on level 2 of the Orcish Mines.
You worshipped Trog.
Trog was extremely pleased with you.
You visited 4 branches of the dungeon, and saw 22 of its levels.
You also visited: Sewer and Ossuary.

You collected 2208 gold pieces.

Inventory:

Hand Weapons
 O - a +1 flail of protection
 Q - a +7 flail of freezing (weapon)
Armour
 v - a +0 cloak (worn)
 y - a +2 helmet of see invisible (worn)
 E - a +0 tower shield (worn)
 F - a +0 pair of boots (worn)
 I - the +2 pair of gloves of Pleasant Breezes (worn) {*Contam rN+ Str+2 Stlth+}
   (You found it on level 12 of the Dungeon)

   It affects your strength (+2).
   It protects you from negative energy.
   It causes magical contamination when unequipped.
   It makes you more stealthy.
 U - a +3 plate armour (worn)
Jewellery
 p - a +4 ring of protection (right hand)
 H - a ring of protection from magic (left hand)
 P - an amulet of magic regeneration (around neck)
Wands
 c - a wand of iceblast (8)
 K - a wand of disintegration (26)
Scrolls
 a - 3 scrolls of acquirement {unknown}
 g - 13 scrolls of identify
 h - 6 scrolls of blinking
 n - 11 scrolls of teleportation
 o - 9 scrolls of remove curse
 s - a scroll of fog
 u - 2 scrolls of enchant weapon
 C - 2 scrolls of fear
 J - 2 scrolls of brand weapon
 M - a scroll of vulnerability {unknown}
Potions
 f - 3 potions of stabbing
 j - 14 potions of curing
 k - 6 potions of haste
 l - 9 potions of lignification
 q - 3 potions of ambrosia
 r - 6 potions of might
 x - 3 potions of mutation
 z - a potion of experience {unknown}
 A - 5 potions of heal wounds
 R - 2 potions of cancellation {unknown}
 S - a potion of resistance
 W - a potion of degeneration {unknown}


   Skills:
 + Level 14.5 Fighting
 + Level 13.4 Maces & Flails
 + Level 12.0 Armour
 + Level 13.3 Shields


You had 13 spell levels left.
You didn't know any spells.
Your spell library contained the following spells:

 Spells                   Type           Power        Failure   Level
 Animate Skeleton         Necr           #.....       100%        1
 Corona                   Hex            #......      100%        1
 Pain                     Necr           #...         100%        1
 Slow                     Hex            #.......     100%        2
 Confusing Touch          Hex            #.......     100%        3
 Gell's Gravitas          Tloc           #.........   100%        3
 Inner Flame              Hex/Fire       #.......     100%        3
 Portal Projectile        Hex/Tloc       #.....       100%        3
 Vampiric Draining        Necr           #.........   100%        3
 Animate Dead             Necr           #.........   100%        4
 Cause Fear               Hex            #.........   100%        4
 Leda's Liquefaction      Hex/Erth       #.........   100%        4
 Petrify                  Tmut/Erth      #.......     100%        4
 Agony                    Necr           #.......     100%        5
 Metabolic Englaciation   Hex/Ice        #.........   100%        5
 Yara's Violent Unravell  Hex/Tmut       #.........   100%        5


Dungeon Overview and Level Annotations

Branches:
Dungeon (13/15)            Temple (1/1) D:4            Lair (6/6) D:8
 Shoals (0/4) Lair:4        Snake (0/4) Lair:3        Slime (0/5) Lair:5
    Orc (2/2) D:12            Elf (0/3) Orc:2         Sewer (visited)
Ossuary (visited)
 Vaults: D:13-14

Altars:
Ashenzari
Cheibriados
Dithmenos
Elyvilon
Fedhas
Gozag
Hepliaklqana
Kikubaaqudgha
Makhleb
Nemelex Xobeh
Okawaru
Qazlal
Ru
Sif Muna
Trog
Uskayaw
Vehumet
Wu Jian
Xom
Yredelemnul
Zin
The Shining One

Portals:
Abyss: Lair:5

Annotations:
D:6 Edmund
Lair:2 1 runed translucent door, Waocipt's ghost, journeyman PaAK
Lair:3 exclusion: 2 oklob plants
Lair:5 2 transporters, qipq's ghost, journeyman FeVM


Innate Abilities, Weirdness & Mutations

You are resistant to torment.
Your stone body is resilient. (AC +10)
You are immune to poison.
Your large and strong wings let you fly indefinitely.
You resist negative energy. (rN+)
You are resistant to electric shocks. (rElec)
You can survive without breathing.
You are immune to petrification.
You are immune to rotting.


Message History

You bludgeon the orc sorcerer!! You freeze the orc sorcerer!
The orc sorcerer is almost dead.
Your skin stops crawling.
You feel less resistant to hostile enchantments.
The orc sorcerer casts a spell at you. You resist with almost no effort.
You block the hellwing's attack.
The hellwing hits you but does no damage.
The orc priest looks encouraged for a moment.
You closely miss the orc sorcerer.
The orc sorcerer is almost dead.
Your surroundings suddenly seem different.
As you read the scroll of teleportation, it crumbles to dust.
You feel strangely unstable.
The orc high priest shouts!
You hear a shout! x3
The orc high priest mumbles some strange prayers to Beogh against you.
Beogh smites you!
* * * LOW HITPOINT WARNING * * *
The orc high priest invokes the aid of Beogh against you.
Beogh smites you!
You die...

##......#.............
#.......#............3
##.#.#.#.....#........
##....#....#......#.#
#...........#........
##.#...o......)[.....
###....#...#...)....
#.....#.o....))....
##@#.#.........†...
#####o.#)....>....
##[o3.)#.........
#.4o...)#.#......
##)###.####...... ###
### ##.#.## #####


You could see an orc high priest.

Vanquished Creatures
  Jorgrun (Orc:2)
  Nessos (D:12)
  5 hydras
  An ice dragon (Lair:6)
  2 two-headed ogres (D:12)
  Erica (D:11)
  A death yak (Lair:2)
  An orc high priest (Orc:2)
  Sonja (D:11)
  2 unseen horrors
  An orc knight (Orc:2)
  2 lindwurms
  An oklob plant (Lair:6)
  2 ugly things
  3 orc sorcerers (Orc:2)
  3 manticores
  4 elephants (Lair:6)
  2 black mambas
  An ice statue (D:9)
  12 cane toads
  6 torpor snails (Lair:6)
  A rime drake (Lair:1)
  3 komodo dragons
  An anaconda simulacrum (Lair:4)
  A wolf spider simulacrum (Lair:4)
  4 trolls
  4 tyrant leeches (Lair:6)
  6 blink frogs
  6 hornets (Lair:6)
  6 polar bears
  5 hippogriffs
  4 dream sheep (Lair:6)
  Sigmund (D:5)
  4 wyverns
  3 basilisks
  16 yaks
  A dire elephant simulacrum (Lair:4)
  Grum (D:11)
  A naga (Lair:3)
  2 acid dragons (D:11)
  2 wargs (Orc:1)
  A soldier ant (D:11)
  20 water moccasins
  5 porcupines
  8 orc warriors
  6 ice beasts
  2 black bears
  A necrophage (D:6)
  2 phantoms
  3 sky beasts
  7 ogres
  3 wolves (D:11)
  6 centaurs
  17 crocodiles
  2 big kobolds
  14 bullfrogs
  A gnoll sergeant (D:9)
  A wyvern zombie (D:7)
  A cane toad simulacrum (Lair:4)
  4 scorpions
  3 killer bees (D:8)
  12 wights
  An electric eel (Lair:5)
  3 howler monkeys
  3 bullfrog zombies (Ossuary)
  3 centaur zombies (Ossuary)
  A hippogriff simulacrum (Lair:4)
  A gnoll shaman (D:6)
  5 hounds
  5 jellies
  13 orc priests
  A water moccasin simulacrum (Lair:4)
  2 bullfrog skeletons (D:11)
  14 mummies (Ossuary)
  An iguana (D:9)
  8 worker ants
  16 orc wizards
  A hound zombie (Ossuary)
  A porcupine simulacrum (Lair:4)
  A howler monkey zombie (Ossuary)
  2 worker ant zombies
  15 adders
  15 gnolls
  A howler monkey skeleton (D:6)
  A river rat (D:6)
  2 shadow imps (D:5)
  A white imp (D:7)
  3 ufetubi
  6 oozes
  2 adder zombies (Ossuary)
  4 adder skeletons
  9 worms
  A dart slug (D:2)
  7 leopard geckos
  74 orcs
  10 bats
  9 giant cockroaches
  10 goblins
  13 hobgoblins
  10 jackals
  29 kobolds
  7 quokkas
  12 frilled lizards
  A giant cockroach zombie (Ossuary)
  A jackal zombie (Ossuary)
  A leopard gecko zombie (Ossuary)
  2 quokka zombies (Ossuary)
  16 rats
588 creatures vanquished.

Vanquished Creatures (others)
  A wolf (D:11)
  8 fungi
  73 plants
  5 withered plants (Ossuary)
87 creatures vanquished.

Grand Total: 675 creatures vanquished

Notes
Turn   | Place    | Note
-------+----------+-------------------------------------------
     0 | D:1      | DogServant the Gargoyle Fighter began the quest for the
                  | Orb.
     0 | D:1      | Reached XP level 1. HP: 14/14 MP: 1/1
   173 | D:1      | Reached XP level 2. HP: 19/19 MP: 2/2
   466 | D:1      | Found a shattered altar of Ashenzari.
   468 | D:1      | Found a snail-covered altar of Cheibriados.
   468 | D:1      | Found a shimmering altar of Xom.
   470 | D:1      | Found a hide-covered altar of Uskayaw.
   470 | D:1      | Found a blossoming altar of Fedhas.
   470 | D:1      | Found a shimmering altar of Xom.
  1066 | D:2      | Reached XP level 3. HP: 23/23 MP: 3/3
  1735 | D:3      | Reached XP level 4. HP: 29/29 MP: 4/4
  1811 | D:3      | Reached skill level 4 in Fighting
  1935 | D:3      | Found an opulent altar of Gozag.
  1941 | D:3      | Found a stormy altar of Qazlal.
  1941 | D:3      | Found an ornate altar of the Wu Jian Council.
  2329 | D:3      | Reached XP level 5. HP: 33/33 MP: 5/5
  2793 | D:4      | Reached XP level 6. HP: 23/39 MP: 6/6
  2974 | D:4      | Found a blossoming altar of Fedhas.
  3099 | D:4      | Noticed a phantom
  3262 | D:4      | Reached skill level 5 in Fighting
  3422 | D:4      | Found a staircase to the Ecumenical Temple.
  3556 | D:4      | Killed a phantom
  3805 | D:5      | Entered Level 5 of the Dungeon
  3909 | D:5      | Reached skill level 5 in Maces & Flails
  3909 | D:5      | Reached XP level 7. HP: 21/44 MP: 7/7
  4161 | D:5      | Reached skill level 5 in Shields
  4171 | D:5      | Got a steaming whip
  4172 | D:5      | Identified the cursed +0 whip of Floral Honour {freeze,
                  | rPois rC+ MP-9} (You found it on level 5 of the Dungeon)
  4305 | D:5      | Found a shimmering blue altar of Sif Muna.
  4479 | D:5      | Found a basalt altar of Yredelemnul.
  4481 | D:5      | Noticed Sigmund
  4489 | D:5      | Killed Sigmund
  4489 | D:5      | Reached skill level 6 in Fighting
  4720 | D:6      | Reached XP level 8. HP: 32/52 MP: 8/8
  4733 | D:6      | Noticed a hippogriff
  4748 | D:6      | Killed a hippogriff
  4755 | D:6      | Reached skill level 7 in Fighting
  5115 | D:6      | Found a glowing drain.
  5119 | Sewer    | Entered a sewer
  5733 | D:6      | Reached XP level 9. HP: 58/58 MP: 9/9
  5760 | D:6      | Noticed Edmund
  5961 | D:7      | Reached skill level 8 in Fighting
  5969 | D:7      | Found a sand-covered staircase.
  5974 | Ossuary  | Entered an ossuary
  6391 | Ossuary  | Reached skill level 5 in Armour
  6709 | D:7      | Reached skill level 9 in Fighting
  6777 | D:7      | Got a transparent copper ring
  7331 | D:8      | Reached XP level 10. HP: 47/66 MP: 10/10
  7447 | D:8      | Found a sacrificial altar of Ru.
  7607 | D:8      | Found a radiant altar of Vehumet.
  7675 | D:8      | Found a staircase to the Lair.
  8074 | D:8      | Reached skill level 10 in Fighting
  8099 | D:8      | Identified the ring of Kiuff {+Fly rC++ Dex+4 SInv Stlth-}
                  | (You found it on level 7 of the Dungeon)
  8118 | D:8      | Found a white marble altar of Elyvilon.
  8437 | D:9      | Found an ancient bone altar of Kikubaaqudgha.
  8519 | D:9      | Noticed an ice statue
  8574 | D:9      | Killed an ice statue
  9133 | D:9      | Found a shadowy altar of Dithmenos.
  9359 | D:10     | Entered Level 10 of the Dungeon
  9427 | D:10     | Noticed a green ugly thing
  9455 | D:10     | Killed a green ugly thing
  9455 | D:10     | Reached XP level 11. HP: 67/73 MP: 11/11
  9620 | Temple   | Entered the Ecumenical Temple
  9765 | Temple   | Became a worshipper of Trog the Wrathful
  9901 | Lair:1   | Entered Level 1 of the Lair of Beasts
 10009 | Lair:1   | Noticed a six-headed hydra
 10019 | Lair:1   | Killed a six-headed hydra
 10243 | Lair:1   | Reached skill level 10 in Maces & Flails
 10736 | D:10     | Reached skill level 11 in Fighting
 10829 | D:10     | Noticed an unseen horror
 10838 | D:10     | Killed an unseen horror
 10922 | D:10     | Reached * piety under Trog
 11322 | D:11     | Noticed a manticore
 11325 | D:11     | Found a stormy altar of Qazlal.
 11342 | D:11     | Killed a manticore
 11374 | D:11     | Noticed a manticore
 11375 | D:11     | Noticed an eight-headed hydra
 11384 | D:11     | Killed an eight-headed hydra
 11386 | D:11     | Killed a manticore
 11552 | D:11     | Reached XP level 12. HP: 58/80 MP: 12/12
 11685 | D:11     | Reached skill level 10 in Shields
 11703 | D:11     | Noticed Erica
 11714 | D:11     | Killed Erica
 11715 | D:11     | Noticed Grum
 11731 | D:11     | Noticed Sonja
 11978 | D:11     | Found a frozen archway.
 12062 | D:11     | Reached skill level 10 in Armour
 12080 | D:11     | Reached ** piety under Trog
 12243 | D:11     | Found a shimmering blue altar of Sif Muna.
 12552 | D:11     | Killed Sonja
 12690 | D:11     | Killed Grum
 12705 | D:11     | Reached skill level 12 in Fighting
 12862 | D:12     | Found a staircase to the Orcish Mines.
 12895 | D:12     | Noticed a two-headed ogre
 12916 | D:12     | Killed a two-headed ogre
 13149 | D:12     | Noticed a two-headed ogre
 13168 | D:12     | Killed a two-headed ogre
 13182 | D:12     | Got a pair of bloodstained gloves
 13193 | D:12     | Identified the +2 pair of gloves of Pleasant Breezes
                  | {*Contam rN+ Str+2 Stlth+} (You found it on level 12 of the
                  | Dungeon)
 13304 | D:12     | Noticed Nessos
 13352 | D:12     | Killed Nessos
 13781 | Lair:1   | Noticed a six-headed hydra
 13786 | Lair:1   | Killed a six-headed hydra
 14324 | Lair:2   | Found a runed translucent door.
 14350 | Lair:2   | Noticed a death yak
 14351 | Lair:2   | Noticed Waocipt's ghost (journeyman PaAK)
 14692 | Lair:2   | Noticed an eight-headed hydra
 14702 | Lair:2   | Killed an eight-headed hydra
 14702 | Lair:2   | Reached XP level 13. HP: 87/87 MP: 13/13
 15512 | Lair:3   | Found a staircase to the Snake Pit.
 15554 | Lair:3   | Reached *** piety under Trog
 15554 | Lair:3   | Reached skill level 13 in Fighting
 16401 | Lair:4   | Found a staircase to the Shoals.
 16534 | Lair:4   | Found a transporter.
 16923 | Lair:4   | Found a transporter.
 16924 | Lair:4   | You fall into a shaft and drop 1 floor!
 16985 | Lair:5   | Found a transporter.
 17031 | Lair:5   | Identified the +4 trident "Limir" {distort, Fragile +Rage
                  | rElec rPois}
 17033 | Lair:5   | Noticed qipq's ghost (journeyman FeVM)
 17035 | Lair:5   | Noticed a rakshasa
 17054 | Lair:5   | Found a transporter.
 17054 | Lair:5   | Found a one-way gate to the infinite horrors of the Abyss.
 17138 | Lair:5   | Found a staircase to the Slime Pits.
 17596 | Lair:5   | Reached **** piety under Trog
 18238 | Lair:6   | Entered Level 6 of the Lair of Beasts
 18757 | Lair:6   | Found a runed translucent door.
 18757 | Lair:6   | Noticed an ice dragon
 19107 | Lair:6   | Reached skill level 14 in Fighting
 19107 | Lair:6   | Gained mutation: Your large and strong wings let you fly
                  | indefinitely. [Gargoyle growth]
 19107 | Lair:6   | Reached XP level 14. HP: 43/96 MP: 14/14
 20405 | Orc:1    | Entered Level 1 of the Orcish Mines
 20613 | Orc:2    | Entered Level 2 of the Orcish Mines
 20824 | Orc:2    | Noticed Jorgrun
 20850 | Orc:2    | Killed Jorgrun
 21118 | Orc:2    | Found a staircase to the Elven Halls.
 21227 | Orc:2    | Reached ***** piety under Trog
 21279 | Orc:2    | Killed from afar by an orc high priest

Illustrated notes

Levels and vault maps discovered:
D:1:      dpeg_arrival_tiny_a, layout_basic, doesnt_xom_only_xom
D:2:      layout_basic
D:3:      layout_basic, gammafunk_temple_overflow_forgotten,
          minmay_misc_feat_nine_boxes, st_stairs_12, minmay_between
D:4:      layout_cave_pods, old_standard_altar, temple_fountains
D:5:      layout_rooms, nicolae_overflow_hidden_temple,
          yredelemnul_altar_generic, uniq_sigmund
D:6:      layout_loops_ring, lightli_sewer_entry_pipes,
          minmay_chambers_of_fives, uniq_edmund
D:7:      corexii_shantytown, layout_rooms, enter_ossuary_5,
          chequers_serial_rivers_micro_e
D:8:      layout_basic, vehumet_crystals, nicolae_ru_path_of_blood,
          david_lair_shrubbed, basic_altar
D:9:      lemuel_ice_statue, layout_irregular_city, kiku_gazebo_pond_becter,
          nicolae_dithmenos_the_darkroom, serial_co_window_serial,
          co_window_cross_1, co_window_corner_a, co_window_of_opportunity_a,
          co_window_corner_a, co_window_paths_a, co_window_paths_a,
          co_window_paths_a, co_window_corner_b, co_window_broadway_b,
          co_window_of_opportunity_b, co_window_2corner, co_window_2corner,
          minmay_misc_feat_plants
D:10:     layout_roguey, feat_on_display
D:11:     layout_small_grid, basic_altar, portal_ice_cave_entry_pillars_2,
          nicolae_qazlal_general_emergency, uniq_erica, uniq_grum, uniq_sonja
D:12:     layout_rooms, orc_0_dummy, uniq_nessos
D:13:     layout_basic
Temple:   hc_temple_tempest_star
Lair:1:   layout_cave_pods
Lair:2:   layout_cave_pods, ebering_ghost_inner_flame, st_stairs_11,
          hangedman_lair_generics_rect, serial_bayou_shore_b
Lair:3:   layout_loops_ring, guppyfry_snake_entry_garden,
          cheibrodos_lair_lostbears, minmay_lair_oklob_chamber
Lair:4:   gammafunk_cloud_chamber, layout_regular_city,
          minmay_shoals_entry_centaurs, gauntlet_entry_generic
Lair:5:   layout_gridlike, nicolae_slime_entry_slimehenge,
          gammafunk_ghost_abyssal_escape
Lair:6:   wormcave, layout_misc_corridors, serial_bayou_ford_a,
          nicolae_lair_grove_arrangements, chequers_serial_rivers_large_a
Orc:1:    layout_caves, serial_shops, nicolae_shop_overgrown_old_shop,
          uniq_fannar
Orc:2:    st_orc_congregation, layout_diamond_mine, uniq_saint_roka,
          uniq_jorgrun

Skill      XL: |  1  2  3  4  5  6  7  8  9 10 11 12 13 14 |
---------------+-------------------------------------------+-----
Maces & Flails | 3 4 5 7 8 9 10 11 12 13 | 13.4
Fighting       | 4 5 6 7 9 10 11 12 14 | 14.5
Shields        | 4 6 7 8 9 11 12 13 | 13.3
Armour         | 6 8 9 11 12 | 12.0

Action                   |  1- 3 |  4- 6 |  7- 9 | 10-12 | 13-15 || total
-------------------------+-------+-------+-------+-------+-------++-------
Melee: Flail             |   134 |   274 |   665 |   510 |   687 ||  2270
       Mace              |       |       |    74 |    95 |       ||   169
       Morningstar       |       |       |     4 |       |       ||     4
Invok: Berserk           |       |       |       |     5 |     7 ||    12
       Trog's Hand       |       |       |       |     1 |     2 ||     3
 Abil: Evoke Flight      |       |       |       |     2 |       ||     2
  Use: Scroll            |       |       |    10 |    23 |     8 ||    41
       Potion            |       |       |     1 |     4 |     2 ||     7
 Stab: Invisible         |       |       |       |     2 |       ||     2
Armor: Scale mail        |    64 |   158 |   394 |   237 |       ||   853
       Acid dragon scale |       |       |       |    83 |    57 ||   140
       Plate armour      |       |       |       |       |   215 ||   215
Dodge: Dodged            |    29 |    96 |   226 |   137 |   101 ||   589
Block: Kite shield       |    73 |   129 |   463 |    24 |       ||   689
       Tower shield      |       |       |       |   557 |   646 ||  1203

Table legend: (Time is in decaauts)
 A = Elapsed time spent in this place.
 B = Non-inter-level travel time spent in this place.
 C = Inter-level travel time spent in this place.
 D = Time resting spent in this place.
 E = Time spent auto-exploring this place.
 F = Levels seen in this place.
 G = Mean time per level.
                   A        B        C        D        E       F      G
               +--------+--------+--------+--------+--------+-----+--------+
         Total |  21641 |  20334 |   1307 |   1748 |  13185 |  24 |  901.7 |
       Dungeon |  12439 |  11579 |    860 |   1237 |   7149 |  13 |  956.8 |
        Temple |    157 |    145 |     12 |      0 |     86 |   1 |  157.0 |
          Lair |   7254 |   6847 |    407 |    349 |   5065 |   6 | 1209.0 |
  Orcish Mines |    871 |    844 |     27 |    161 |    397 |   2 |  435.5 |
         Sewer |    345 |    345 |      0 |      0 |    148 |   1 |  345.0 |
       Ossuary |    573 |    573 |      0 |      0 |    339 |   1 |  573.0 |
               +--------+--------+--------+--------+--------+-----+--------+

Top non-repeatable levels by time:
  Lair:6: 1824 daAuts
    D:11: 1553 daAuts
     D:9: 1281 daAuts
     D:4: 1278 daAuts
  Lair:1: 1275 daAuts
     D:8: 1227 daAuts
  Lair:4: 1179 daAuts
  Lair:2: 1090 daAuts
  Lair:3: 1001 daAuts
     D:3: 955 daAuts
     D:6: 950 daAuts
     D:1: 928 daAuts
     D:5: 919 daAuts
  Lair:5: 882 daAuts
    D:12: 880 daAuts
